 Seeded DCSS version 0.28-a0-1555-g9ae15a6949 (webtiles) character file.

Game seed: 10981516113719468559 (custom seed)

536 knot the Chopper (level 7, 80/82 HPs)
             Began as a Demonspawn Berserker on Jan 18, 2022.
             Was a Follower of Trog.
             Quit the game on level 4 of the Dungeon.
             The game lasted 00:03:49 (4795 turns).

knot the Chopper (Demonspawn Berserker)             Turns: 4795, Time: 00:03:49

Health: 80/82      AC:  9    Str: 17    XL:     7   Next: 4%
Magic:  7/7        EV: 10    Int: 13    God:    Trog [*.....]
Gold:   159        SH:  0    Dex: 12    Spells: 6/6 levels left

rFire   . . .      SeeInvis .   a - +0 hand axe
rCold   . . .      Faith    .   (no shield)
rNeg    . . .      Spirit   .   d - +0 scale mail
rPois   .          Reflect  .   r - +1 helmet of Mezcal {Int+2}
rElec   .          Harm     .   (no cloak)
rCorr   .          Rampage  .   (no gloves)
Will    .....                   (no boots)
Stlth   ..........              (no amulet)
HPRegen 3.23/turn               (no ring)
MPRegen 0.10/turn               (no ring)

@: berserking, very quick
A: powered by death 1, powered by pain 1, demonic touch 2
a: Renounce Religion, Berserk


You were on level 4 of the Dungeon.
You worshipped Trog.
Trog was aware of your devotion.
You visited 1 branch of the dungeon, and saw 6 of its levels.

You collected 159 gold pieces.

Inventory:

Hand Weapons
 a - a +0 hand axe (weapon)
Missiles
 b - 107 stones (quivered)
 i - 25 arrows
 m - a throwing net
Armour
 d - a +0 scale mail (worn)
 r - the +1 helmet of Mezcal (worn) {Int+2}
   (You found it on level 6 of the Dungeon)

   Int:       It affects your intelligence (+2).
Scrolls
 c - 2 scrolls of identify {unknown}
 f - a scroll of teleportation {unknown}
 g - a scroll of fog {unknown}
 o - a scroll of enchant weapon {unknown}
 p - a scroll of blinking {unknown}
 q - a scroll of fear {unknown}
Potions
 e - a potion of magic {unknown}
 h - 2 potions of brilliance {unknown}
 j - a potion of flight {unknown}
 k - a potion of resistance {unknown}
 n - a potion of haste {unknown}


   Skills:
 - Level 4.3 Fighting
 * Level 4.7 Axes
 * Level 2.2 Throwing
 - Level 3.3 Armour
 - Level 3.2 Dodging


You had 6 spell levels left.
You didn't know any spells.
Your spell library was empty.

Dungeon Overview and Level Annotations

Branches:
Dungeon (6/15)
 Temple: D:4-7

Altars:
Dithmenos

Annotations:
D:6 Prince Ribbit


Innate Abilities, Weirdness & Mutations

You regenerate a little health from kills.
You sometimes gain a little power by taking damage.
Your touch may inflict irresistible damage on your foes.


Message History

The scorpion is poisoned.
The orc barely misses you. The scorpion completely misses you.
A hound skeleton comes into view.
The ball python bites you but does no damage.
The ball python grabs you. The ball python constricts you.
You escape the ball python's grasp.
The orc barely misses you.
The scorpion stings you but does no damage.
You kill the scorpion!
Trog accepts your kill.
You barely miss the ball python.
The ball python bites you but does no damage.
The ball python barely misses you.
You closely miss the ball python.
You touch the ball python.
You kill the ball python!
Trog accepts your kill.
The kobold throws a stone.
The stone barely misses you.
Throw: dart (poison)
Press: ? - help, Q - select action, (/) - cycle Shift-Dir - straight line, f/p - scorpion
Aim: a scorpion (59% to hit)
You throw a poisoned dart. The poisoned dart hits the scorpion.
The scorpion is poisoned.
The orc closely misses you.
A red film seems to cover your vision as you go berserk!
You feel yourself moving faster!
You feel mighty!
The orc hits you from afar with a +0 trident.
The kobold closely misses you.
You slash the scorpion!
You kill the scorpion!
Trog accepts your kill.
You slash the kobold!
You kill the kobold!
Trog accepts your kill. The orc hits you but does no damage.
Your Throwing skill increases to level 2!
You have reached level 7!
Your demonic ancestry asserts itself...
You feel energised by your suffering.
Unknown command.
Unknown command.
Are you sure you want to abandon this character and quit the game? (Confirm with "yes".)

#.....................
#..........###...#####
#.........)# .......
#..........# .......
#..........# ........
#..........# .......
#..........##.......
#.................
####.....)@.......
#....K††.......
###..oZ#.....##
#..(.#.....#
####....#.....#
####.......#.....#
#................#
#....(............
#...............


You could see an orc, a kobold and a hound skeleton.

Vanquished Creatures
  Sigmund (D:2)
  2 scorpions (D:4)
  A bullfrog skeleton (D:5)
  Natasha (thrice) (D:2)
  An iguana (D:6)
  An orc wizard (D:3)
  3 adders
  3 gnolls (D:2)
  3 orcs
  An endoplasm (D:1)
  2 giant cockroaches
  3 goblins
  7 hobgoblins
  A quokka (D:1)
  6 ball pythons
  7 bats
  5 frilled lizards
  7 kobolds
  3 rats
60 creatures vanquished.

Notes
Turn   | Place    | Note
-------+----------+-------------------------------------------
     0 | D:1      | knot the Demonspawn Berserker began the quest for the Orb.
     0 | D:1      | Reached XP level 1. HP: 18/18 MP: 1/1
   648 | D:1      | Gained mutation: Your touch may inflict minor irresistible
                  | damage on your foes. [demonic ancestry]
   648 | D:1      | Reached XP level 2. HP: 20/24 MP: 2/2
  1516 | D:2      | Noticed Natasha
  1522 | D:2      | Killed Natasha
  1523 | D:2      | Reached XP level 3. HP: 28/29 MP: 3/3
  1861 | D:2      | Gained mutation: You regenerate a little health from kills.
                  | [demonic ancestry]
  1861 | D:2      | Reached XP level 4. HP: 4/36 MP: 4/4
  2279 | D:2      | Noticed Natasha
  2286 | D:2      | Killed Natasha
  2453 | D:2      | Noticed Natasha
  2463 | D:2      | Killed Natasha
  2621 | D:2      | Reached XP level 5. HP: 30/42 MP: 5/5
  3145 | D:2      | Noticed Sigmund
  3154 | D:2      | Killed Sigmund
  3155 | D:2      | Gained mutation: Your touch may inflict irresistible damage
                  | on your foes. [demonic ancestry]
  3155 | D:2      | Reached XP level 6. HP: 48/48 MP: 6/6
  3197 | D:2      | Found a faded altar of an unknown god.
  3625 | D:3      | Found a shadowy altar of Dithmenos.
  4450 | D:4      | You fall into a shaft and drop 2 floors!
  4454 | D:6      | Reached skill level 1 in Throwing
  4607 | D:6      | Identified the +1 helmet of Mezcal {Int+2}
  4646 | D:6      | Noticed Prince Ribbit
  4655 | D:5      | Entered Level 5 of the Dungeon
  4795 | D:4      | Gained mutation: You sometimes gain a little power by
                  | taking damage. [demonic ancestry]
  4795 | D:4      | Reached XP level 7. HP: 55/55 MP: 7/7
  4795 | D:4      | Quit the game

Illustrated notes

Levels and vault maps discovered:
D:1:      erik_arrival_cave_to_civilisation [erik_arrival_cave_to_hall],
          layout_basic, minmay_vboxes
D:2:      layout_basic, hellmonk_ecumenical_altar_crossroads,
          kennysheep_small_spiral, minmay_misc_feat_diagonals, uniq_natasha,
          uniq_sigmund
D:3:      layout_rooms, mainiacjoe_overflow_cross_hatched
D:4:      layout_basic, grunt_temple_overflow_open, minmay_manual_moon
D:5:      minmay_angry_zag, layout_layer_cave, jmf_multi_god_temple,
          minmay_temple_entry_glass
D:6:      layout_rooms, vehumet_statue, uniq_blork_the_orc, uniq_prince_ribbit1

Skill      XL: |  1  2  3  4  5  6 |
---------------+-------------------+-----
Armour         | 2 3 |  3.3
Dodging        | 2 3 |  3.2
Axes           | 3 4 |  4.7
Fighting       | 4 |  4.3
Throwing       | 2 |  2.2

Action                   |  1- 3 |  4- 6 |  7- 9 || total
-------------------------+-------+-------+-------++-------
Melee: Hand axe          |    79 |    69 |       ||   148
       Punch             |     2 |     1 |       ||     3
       Touch             |     4 |    12 |       ||    16
Throw: Stone             |       |     1 |       ||     1
       Dart              |       |     5 |       ||     5
Invok: Berserk           |     2 |     8 |       ||    10
 Stab: Sleeping          |     1 |       |       ||     1
Armor: Animal skin       |    15 |       |       ||    15
       Scale mail        |    13 |    28 |       ||    41
Dodge: Dodged            |    52 |    41 |       ||    93

Table legend: (Time is in decaauts)
 A = Elapsed time spent in this place.
 B = Non-inter-level travel time spent in this place.
 C = Inter-level travel time spent in this place.
 D = Time resting spent in this place.
 E = Time spent auto-exploring this place.
 F = Levels seen in this place.
 G = Mean time per level.
                   A        B        C        D        E       F      G
               +--------+--------+--------+--------+--------+-----+--------+
         Total |   4909 |   4712 |    197 |   2182 |   2048 |   6 |  818.2 |
       Dungeon |   4909 |   4712 |    197 |   2182 |   2048 |   6 |  818.2 |
               +--------+--------+--------+--------+--------+-----+--------+

Top non-repeatable levels by time:
     D:2: 2239 daAuts
     D:1: 1498 daAuts
     D:3: 789 daAuts
     D:6: 215 daAuts
     D:4: 133 daAuts
     D:5: 32 daAuts
